 Dungeon Crawl Stone Soup version 0.28-a0-1395-g4f6bc678fa (webtiles) character file.

Game seed: 12999275690704575168

44 bande the Covered (level 3, -1/23 HPs)
             Began as a Gargoyle Fighter on Jan 5, 2022.
             Slain by a water moccasin (7 damage)
             ... on level 3 of the Dungeon.
             The game lasted 00:04:00 (1407 turns).

bande the Covered (Gargoyle Fighter)                Turns: 1407, Time: 00:04:01

Health: -1/23      AC: 14    Str: 19    XL:     3   Next: 62%
Magic:  3/3        EV:  5    Int:  8    God:
Gold:   144        SH:  4    Dex: 11    Spells: 2/2 levels left

rFire   . . .      SeeInvis .   a - +0 war axe
rCold   . . .      Faith    .   c - +0 buckler
rNeg    + . .      Spirit   .   g - +0 plate armour
rPois   ∞          Reflect  .   (no helmet)
rElec   +          Harm     .   (no cloak)
rCorr   .          Rampage  .   (no gloves)
Will    .....                   (no boots)
Stlth   ..........              (no amulet)
HPRegen 0.07/turn               (no ring)
MPRegen 0.08/turn               (no ring)

@: mighty
A: sickness immunity, AC +3, negative energy resistance 1, electricity
resistance, torment resistance 1, petrification resistance
a: no special abilities


You were on level 3 of the Dungeon.
You visited 1 branch of the dungeon, and saw 3 of its levels.

You collected 144 gold pieces.

Inventory:

Hand Weapons
 a - a +0 war axe (weapon)
Armour
 c - a +0 buckler (worn)
 g - a +0 plate armour (worn)
Potions
 b - a potion of invisibility
 e - a potion of flight {unknown}
 f - a potion of mutation {unknown}
 h - 2 potions of lignification {unknown}


   Skills:
 + Level 3.6 Fighting
 + Level 2.5 Axes
 + Level 3.8 Armour
 + Level 3.6 Shields


You had 2 spell levels left.
You didn't know any spells.
Your spell library contained the following spells:

 Spells                   Type           Power      Damage    Failure   Level
 Foxfire                  Conj/Fire      0%         2x1d4     100%        1
 Ignite Poison            Fire/Tmut/Pois 0%         N/A       100%        3
 Mephitic Cloud           Conj/Pois/Air  0%         N/A       100%        3
 Freezing Cloud           Conj/Ice/Air   0%         6-21      100%        5
 Conjure Ball Lightning   Conj/Air       0%         3x3d6     100%        6
 Discord                  Hex            0%         N/A       100%        8
 Disjunction              Tloc           0%         N/A       100%        8
 Chain Lightning          Conj/Air       0%         N/A       100%        9
 Sublimation of Blood     Necr           Unusable   N/A       N/A         2

Dungeon Overview and Level Annotations

Branches:
Dungeon (3/15)

Altars:
Ru

Shops:
D:2 !


Innate Abilities, Weirdness & Mutations

You are immune to sickness and miasma.
Your stone body is resilient. (AC +3)
You are immune to poison.
You resist negative energy. (rN+)
You are resistant to electric shocks. (rElec)
You are resistant to unholy torment.
You are immune to petrification.


Message History

You now have 144 gold pieces (gained 12).
Done exploring.
Done exploring.
Done exploring.
Done exploring.
There is a stone staircase leading down here.
You climb downwards.
Found an escape hatch in the floor.
There is a stone staircase leading up here.
A water moccasin comes into view.
You block the water moccasin's attack.
You closely miss the water moccasin.
The water moccasin bites you but does no damage.
The water moccasin barely misses you.
You closely miss the water moccasin. The water moccasin bites you. x2
You closely miss the water moccasin. You block the water moccasin's attack.
The water moccasin bites you.
You are too injured to fight recklessly!
You are too injured to fight recklessly!
You are too injured to fight recklessly!
You are too injured to fight recklessly!
You are too injured to fight recklessly!
You are too injured to fight recklessly!
You are too injured to fight recklessly!
You are too injured to fight recklessly!
You are too injured to fight recklessly!
You feel very mighty all of a sudden. The water moccasin bites you.
* * * LOW HITPOINT WARNING * * *
You slash the water moccasin!
The water moccasin is moderately wounded.
The water moccasin bites you but does no damage. x2
You closely miss the water moccasin.
The water moccasin is moderately wounded.
The water moccasin closely misses you.
The water moccasin bites you but does no damage.
You slash the water moccasin!
The water moccasin is heavily wounded.
The water moccasin bites you!
You die...

#### . ... .. ..#
#. #.# .. #S#
.#.#. #@#
......#.#########
#............#
#..#.#######.#
#..#.#######.# #.
... ...##.#
##.#.####.##.###
..#...........#
## ######.##.#.#


You could see a water moccasin.

Vanquished Creatures
  An adder (D:2)
  A dart slug (D:2)
  A ball python (D:2)
  An endoplasm (D:1)
  3 goblins (D:1)
  3 hobgoblins
  3 jackals (D:2)
  3 quokkas
  3 frilled lizards
  7 kobolds
  5 rats
31 creatures vanquished.

Notes
Turn   | Place    | Note
-------+----------+-------------------------------------------
     0 | D:1      | bande the Gargoyle Fighter began the quest for the Orb.
     0 | D:1      | Reached XP level 1. HP: 14/14 MP: 1/1
   157 | D:1      | Got the Reference Book on Harmful Darkness
   179 | D:1      | Reached XP level 2. HP: 18/19 MP: 2/2
   682 | D:2      | Reached XP level 3. HP: 20/23 MP: 3/3
   885 | D:2      | Found a sacrificial altar of Ru.
   909 | D:2      | Found Xahas's Distillery.
   919 | D:2      | Found a faded altar of an unknown god.
  1398 | D:3      | Noticed a water moccasin
  1407 | D:3      | Slain by a water moccasin

Illustrated notes

Levels and vault maps discovered:
D:1:      shiori_arrival_maze, layout_basic
D:2:      layout_basic, hellmonk_ecumenical_altar_pennies_from_heaven,
          serial_shops, shop, basic_altar, due_unseen_surprise
D:3:      layout_basic, minmay_fractal_squares_gapless_5

Skill      XL: |  1  2 |
---------------+-------+-----
Axes           | 2 |  2.5
Fighting       | |  3.6
Armour         | |  3.8
Shields        | |  3.6

Action                   || total
-------------------------++-------
Melee: War axe           ||    85
  Use: Scroll            ||     3
       Potion            ||     1
Armor: Scale mail        ||    12
       Plate armour      ||    49
Dodge: Dodged            ||    23
Block: Buckler           ||    21

Table legend: (Time is in decaauts)
 A = Elapsed time spent in this place.
 B = Non-inter-level travel time spent in this place.
 C = Inter-level travel time spent in this place.
 D = Time resting spent in this place.
 E = Time spent auto-exploring this place.
 F = Levels seen in this place.
 G = Mean time per level.
                   A        B        C        D        E       F      G
               +--------+--------+--------+--------+--------+-----+--------+
         Total |   1441 |   1441 |      0 |    130 |   1004 |   3 |  480.3 |
       Dungeon |   1441 |   1441 |      0 |    130 |   1004 |   3 |  480.3 |
               +--------+--------+--------+--------+--------+-----+--------+

Top non-repeatable levels by time:
     D:2: 781 daAuts
     D:1: 609 daAuts
     D:3: 50 daAuts
